 Dungeon Crawl Stone Soup version 0.27.1-34-g3ba077fa99 (webtiles) character file.

Game seed: 2846607433533425201

46851 pkoi the Stormcaller (level 14, -15/83 HPs)
             Began as a Purple Draconian Air Elementalist on Jan 25, 2022.
             Was a High Priest of Hepliaklqana.
             Killed by an exploding ball lightning (16 damage)
             ... on level 5 of the Lair of Beasts.
             The game lasted 00:50:15 (37198 turns).

pkoi the Stormcaller (DrAE)                        Turns: 37198, Time: 00:50:16

Health: -15/83     AC: 12    Str: 11    XL:     14   Next: 6%
Magic:  32/39      EV: 12    Int: 20    God:    Hepliaklqana [*****.]
Gold:   1294       SH:  0    Dex: 12    Spells: 12/37 levels left

rFire    . . .     SeeInvis +   s - +1 whip (venom)
rCold    . . .     Faith    +   (no shield)
rNeg     . . .     Spirit   .   (armour unavailable)
rPois    .         Reflect  .   G - +1 hat {SInv}
rElec    .         Harm     .   v - +0 cloak
rCorr    .         Rampage  .   h - +1 pair of gloves
Will     ++...                  (no boots)
Stlth    ++........             e - amulet of faith
HPRegen  0.23/turn              K - ring of flight
MPRegen  0.26/turn              w - ring of magical power

@: flying
A: reduced essence, breathe power, AC +8, unfitting armour, cold-blooded
a: Breathe Dispelling Energy, Renounce Religion, Recall Ancestor, Ancestor
Identity, Transference, Idealise


You were on level 5 of the Lair of Beasts.
You worshipped Hepliaklqana.
Hepliaklqana was extremely pleased with you.
You visited 3 branches of the dungeon, and saw 18 of its levels.
You also visited: Sewer.

You collected 1294 gold pieces.

Inventory:

Hand Weapons
 b - a +0 short sword
 d - a +0 whip
 k - a +1 dagger of freezing
 s - a +1 whip of venom (weapon)
 F - the +2 dagger of Impeachment {protect, rCorr}
   (You found it on level 4 of the Lair of Beasts)

   It grants its wielder temporary protection when it strikes (+7 to AC).
   rCorr:     It protects you from acid and corrosion.
Missiles
 J - a throwing net
Armour
 h - a +1 pair of gloves (worn)
 v - a +0 cloak (worn)
 A - a +2 hat of stealth
 G - a +1 hat of see invisible (worn)
Jewellery
 a - an amulet of the acrobat
 e - an amulet of faith (around neck)
 w - a ring of magical power (right hand)
 I - an amulet of reflection
 K - a ring of flight (left hand)
Wands
 o - a wand of iceblast (16)
 q - a wand of polymorph (14)
 C - a wand of digging (3)
 D - a wand of flame (27)
 H - a wand of mindburst (10)
Scrolls
 f - 6 scrolls of teleportation
 g - 5 scrolls of fog
 p - 5 scrolls of identify
 r - a scroll of enchant armour
 y - 3 scrolls of enchant weapon
 z - 2 scrolls of magic mapping
 B - 3 scrolls of amnesia
Potions
 c - 6 potions of curing
 i - 5 potions of resistance
 j - 7 potions of heal wounds
 m - 2 potions of might
 n - 2 potions of magic
 t - a potion of cancellation
 u - 3 potions of brilliance
 x - 2 potions of lignification
 E - a potion of flight
 L - 2 potions of haste


   Skills:
 - Level 1.7 Dodging
 - Level 1.7 Stealth
 - Level 5.0 Unarmed Combat
 - Level 12.0 Spellcasting
 + Level 10.1 Conjurations
 - Level 6.5 Translocations
 - Level 17.0 Air Magic
 - Level 4.9 Invocations


You had 12 spell levels left.
You knew the following spells:

 Your Spells              Type           Power      Damage    Failure   Level
a - Shock                 Conj/Air       100%       1d9       1%          1
b - Static Discharge      Conj/Air       61%        N/A       1%          2
c - Swiftness             Air            69%        N/A       0%          3
d - Airstrike             Air            34%        N/A       1%          4
e - Passage of Golubria   Tloc           N/A        N/A       3%          4
f - Conjure Ball Lightni  Conj/Air       30%        3x3d10    3%          6
g - Iskenderun's Battles  Conj           51%        2d10      2%          5

Your spell library contained the following spells:

 Spells                   Type           Power      Damage    Failure   Level
 Stone Arrow              Conj/Erth      64%        3d11      1%          3
 Silence                  Hex/Air        23%        N/A       4%          5
 Animate Skeleton         Necr           24%        N/A       5%          1
 Corona                   Hex            13%        N/A       5%          1
 Pain                     Necr           48%        1d6       5%          1
 Ensorcelled Hibernation  Hex/Ice        24%        N/A       9%          2
 Tukima's Dance           Hex            12%        N/A       17%         3
 Vampiric Draining        Necr           6%         2d6       17%         3
 Fireball                 Conj/Fire      16%        3d8       19%         5
 Irradiate                Conj/Tmut      16%        3d19      19%         5
 Animate Dead             Necr           6%         N/A       50%         4
 Orb of Destruction       Conj           25%        9d10      58%         7
 Blade Hands              Tmut           6%         N/A       83%         5
 Death Channel            Necr           6%         N/A       100%        6
 Dragon Form              Tmut           6%         N/A       100%        7
 Infestation              Necr           6%         N/A       100%        8
 Lehudib's Crystal Spear  Conj/Erth      16%        10d5      100%        8
 Animate Armour           Summ/Erth      Unusable   N/A       N/A         4

Dungeon Overview and Level Annotations

Branches:
Dungeon (11/15)            Temple (1/1) D:5            Lair (6/6) D:9
  Swamp (0/4) Lair:2        Snake (0/4) Lair:2        Slime (0/5) Lair:5
  Sewer (visited)
    Orc: D:9-12

Altars:
Ashenzari
Cheibriados
Dithmenos
Elyvilon
Fedhas
Gozag
Hepliaklqana
Kikubaaqudgha
Makhleb
Nemelex Xobeh
Okawaru
Qazlal
Ru
Sif Muna
Trog
Uskayaw
Vehumet
Wu Jian
Xom
Yredelemnul
Zin
The Shining One
Jiyva

Shops:
D:7 *   D:9 *

Annotations:
D:7 1 runed translucent door, Hywel's ghost, novice KoHu
D:8 exclusion: upstairs


Innate Abilities, Weirdness & Mutations

Your life essence is reduced to manifest your ancestor. (-10% HP)
You can breathe bolts of dispelling energy.
Your rich purple scales are hard. (AC +8)
You cannot fit into any form of body armour.
You are cold-blooded and may be slowed by cold attacks.


Message History

Aria hits the dream sheep with a +0 flail!
The dream sheep dies!
Unknown command.
Casting: Conjure Ball Lightning (dangerous; 3% risk of failure)
Confirm with . or Enter, or press ? or * to list all spells.
You create some ball lightning! 3 ball lightnings come into view.
The wolf bites you but does no damage. The wyvern closely misses you.
The wolf closely misses you.
The dream sheep bites you but does no damage.
Unknown command.
Unknown command.
The wyvern bites you but does no damage.
Your ball lightning explodes!
The blast of lightning engulfs you!
* * * LOW HITPOINT WARNING * * *
The blast of lightning engulfs the wyvern!!
The wyvern is severely wounded.
Aria avoids your attack.
The blast of lightning engulfs the dream sheep!
The dream sheep is severely wounded.
The blast of lightning engulfs the plant!
The plant begins to die.
The plant is lightly damaged.
The blast of lightning engulfs your ball lightning.
Your ball lightning completely resists.
The blast of lightning engulfs the wolf!!
The wolf is almost dead.
Your ball lightning explodes!
The blast of lightning engulfs the wolf!!
You kill the wolf!
Aria avoids your attack. The blast of lightning engulfs you!!
* * * LOW HITPOINT WARNING * * *
The blast of lightning engulfs the dream sheep!
You kill the dream sheep!
The wyvern barely misses you.
Aria hits the wyvern with a +0 flail!
Unknown command.
Your ball lightning explodes!
The blast of lightning engulfs you!
You die...

.........................#
#........P..............##
##...######............##
#....####.###P##.....##
#PP^...#### ####.#...###
#....#.### ##.........#
###..+.#..## #P.._>..P###
#P.......#.####lR.......#
#............##.@†......#
##.......#......††<.....#
P...........#...........#
.P.......P####..........#
.........## #..........##
##.#.##..# ##..........#
##......# #..........##
###...## ##..........#
#...P# ##..#..P.####


You could see the friendly Aria the knight and a wyvern (very poisoned, ally
target).

Vanquished Creatures
  6 hydras
  Erica (D:9)
  2 two-headed ogres
  A bog body (Lair:2)
  An oklob plant (Lair:3)
  A centaur zombie (D:11)
  A manticore (Lair:4)
  4 elephants
  4 black mambas
  9 cane toads
  16 rime drakes
  10 komodo dragons
  2 trolls
  A polar bear (Lair:3)
  A hornet (D:8)
  15 blink frogs
  Grinder (D:2)
  Prince Ribbit (D:7)
  5 dream sheep
  A shadow (D:11)
  19 yaks
  4 wyverns
  10 steam dragons
  Menkaure (D:6)
  12 water moccasins
  2 orc warriors
  A black bear (D:6)
  8 wolves
  2 ogres
  5 centaurs
  4 kobold brigands
  3 bullfrogs
  A gnoll sergeant (D:9)
  3 scorpions
  5 wights (D:8)
  10 electric eels
  10 orc priests
  8 hounds
  3 jellies
  A centaur skeleton (D:4)
  3 iguanas
  14 orc wizards
  A killer bee zombie (D:5)
  4 gnolls (D:9)
  8 adders
  A river rat (Sewer)
  2 shadow imps
  A white imp (D:5)
  A worm (Sewer)
  An adder skeleton (D:4)
  30 orcs
  10 ball pythons
  4 endoplasms
  5 giant cockroaches
  2 goblins
  6 hobgoblins
  4 jackals (D:1)
  2 quokkas (D:5)
  5 bats
  3 frilled lizards
  21 kobolds
  10 rats
333 creatures vanquished.

Vanquished Creatures (collateral kills)
  Gastronok (D:9)
  A fire dragon (Lair:4)
  A hydra (Lair:1)
  Urug (Lair:3)
  3 elephants
  A torpor snail (Lair:4)
  An unseen horror (D:10)
  2 rime drakes (Lair:4)
  A komodo dragon (Lair:5)
  4 blink frogs
  5 dream sheep
  A vampire (D:9)
  7 yaks
  3 water moccasins
  A sky beast (D:6)
  3 wolves
  A centaur (D:8)
  5 kobold brigands
  A bullfrog (D:7)
  A scorpion (D:6)
  A howler monkey (D:8)
  A jelly (D:8)
  A killer bee zombie (D:7)
  7 orcs
  5 kobolds
59 creatures vanquished.

Vanquished Creatures (others)
  4 knights
  30 ball lightnings
  30 fungi
  63 plants
127 creatures vanquished.

Grand Total: 519 creatures vanquished

Notes
Turn   | Place    | Note
-------+----------+-------------------------------------------
     0 | D:1      | pkoi the Draconian Air Elementalist began the quest for the
                  | Orb.
     0 | D:1      | Reached XP level 1. HP: 14/14 MP: 3/3
   503 | D:1      | Reached XP level 2. HP: 20/20 MP: 0/5
   508 | D:1      | Learned a level 2 spell: Static Discharge
  1607 | D:1      | Found a faded altar of an unknown god.
  1626 | D:1      | Reached XP level 3. HP: 26/26 MP: 3/6
  1975 | D:2      | Found a basalt altar of Yredelemnul.
  2426 | D:3      | Learned a level 3 spell: Swiftness
  2437 | D:3      | Noticed Grinder
  2823 | D:2      | Killed Grinder
  2824 | D:2      | Reached skill level 5 in Air Magic
  2824 | D:2      | Reached XP level 4. HP: 12/33 MP: 1/7
  2824 | D:2      | Reached XP level 5. HP: 14/38 MP: 1/8
  3136 | D:3      | Reached XP level 6. HP: 34/45 MP: 3/9
  3271 | D:3      | Found a shimmering altar of Xom.
  3277 | D:3      | Got the Tome of Evil Secrets
  3836 | D:3      | Found a glowing golden altar of the Shining One.
  3836 | D:3      | Found a bloodstained altar of Trog.
  3837 | D:3      | Found an ornate altar of the Wu Jian Council.
  4464 | D:4      | HP: 2/45 [ogre (19)]
  4466 | D:4      | Reached skill level 5 in Conjurations
  4814 | D:4      | Reached skill level 6 in Air Magic
  4814 | D:4      | Your scales start taking on a rich purple colour.
  4814 | D:4      | Reached XP level 7. HP: 41/50 MP: 3/10
  4873 | D:4      | Learned a level 4 spell: Airstrike
  5498 | D:4      | Found a basalt altar of Yredelemnul.
  5712 | D:3      | Found a hazy altar of Hepliaklqana.
  5712 | D:3      | Found an ancient bone altar of Kikubaaqudgha.
  5718 | D:3      | Became a worshipper of Hepliaklqana the Forgotten
  5804 | D:5      | Entered Level 5 of the Dungeon
  6108 | D:5      | Found a glowing drain.
  6125 | Sewer    | Entered a sewer
  7023 | D:5      | Reached skill level 7 in Air Magic
  7023 | D:5      | Reached XP level 8. HP: 23/57 MP: 12/14
  7697 | D:5      | Found a staircase to the Ecumenical Temple.
  7877 | Temple   | Entered the Ecumenical Temple
  8277 | D:6      | Reached * piety under Hepliaklqana
  8333 | D:6      | Reached skill level 5 in Spellcasting
  8410 | D:6      | Reached skill level 8 in Air Magic
  9014 | D:6      | Noticed Menkaure
  9024 | D:6      | Killed Menkaure
  9104 | D:6      | Reached ** piety under Hepliaklqana
  9105 | D:6      | Remembered your ancestor Aria as a knight
  9690 | D:6      | Reached skill level 9 in Air Magic
 10154 | D:7      | Found a sparkling altar of Nemelex Xobeh.
 10183 | D:7      | Reached XP level 9. HP: 55/55 MP: 9/18
 10352 | D:7      | Found a stormy altar of Qazlal.
 10408 | D:7      | Noticed Prince Ribbit
 10416 | D:7      | Killed Prince Ribbit
 10756 | D:7      | Reached skill level 14 in Air Magic
 10756 | D:7      | Reached XP level 10. HP: 62/62 MP: 20/20
 10894 | D:7      | Found Foeggaec's Assorted Antiques.
 11930 | D:7      | Found a runed translucent door.
 11931 | D:7      | Noticed Hywel's ghost (novice KoHu)
 12430 | D:7      | Noticed a rust devil
 12430 | D:7      | Noticed a rust devil
 12675 | D:8      | Reached *** piety under Hepliaklqana
 13190 | D:8      | Noticed a two-headed hydra
 13195 | D:8      | Killed a two-headed hydra
 13648 | D:9      | Noticed Gastronok
 14003 | D:9      | Reached XP level 11. HP: 66/66 MP: 2/22
 14374 | D:9      | Reached skill level 15 in Air Magic
 14876 | D:9      | Reached skill level 1 in Unarmed Combat
 15176 | D:9      | Noticed a seven-headed hydra
 15178 | D:9      | Found a staircase to the Lair.
 15192 | D:9      | Killed a seven-headed hydra
 15618 | D:9      | Noticed Erica
 16022 | D:9      | Killed Erica
 16241 | D:9      | Killed Gastronok
 16822 | D:9      | Noticed a two-headed ogre
 16826 | D:9      | Killed a two-headed ogre
 16999 | D:9      | Found Firu's Assorted Antiques.
 17267 | D:10     | Entered Level 10 of the Dungeon
 17288 | D:10     | Noticed a two-headed ogre
 17291 | D:10     | Killed a two-headed ogre
 17992 | D:10     | Reached **** piety under Hepliaklqana
 18570 | D:11     | Reached skill level 16 in Air Magic
 18929 | Lair:1   | Entered Level 1 of the Lair of Beasts
 18951 | Lair:1   | Noticed a six-headed hydra
 18955 | Lair:1   | Killed a six-headed hydra
 19115 | Lair:1   | Learned a level 4 spell: Passage of Golubria
 19256 | Lair:1   | Reached XP level 12. HP: 72/72 MP: 8/25
 19860 | Lair:1   | Reached skill level 1 in Translocations
 20671 | Lair:2   | Noticed a five-headed hydra
 20676 | Lair:2   | Killed a five-headed hydra
 20677 | Lair:2   | Reached skill level 5 in Unarmed Combat
 20996 | Lair:2   | Noticed a five-headed hydra
 21034 | Lair:2   | Killed a five-headed hydra
 21035 | Lair:2   | Reached skill level 10 in Spellcasting
 21594 | Lair:2   | Found a staircase to the Swamp.
 22215 | Lair:2   | Reached ***** piety under Hepliaklqana
 22399 | Lair:2   | Found a staircase to the Snake Pit.
 22410 | Lair:2   | Learned a level 6 spell: Conjure Ball Lightning
 24636 | Lair:3   | Reached skill level 1 in Invocations
 25629 | Lair:3   | You fall into a shaft and drop 1 floor!
 25632 | Lair:4   | Reached skill level 5 in Translocations
 25941 | Lair:3   | Noticed Urug
 25960 | Lair:3   | Killed Urug
 26290 | Lair:3   | Reached XP level 13. HP: 74/75 MP: 15/28
 31318 | Lair:4   | Reached skill level 17 in Air Magic
 32627 | Lair:4   | Identified the +2 dagger of Impeachment {protect, rCorr}
 33130 | Lair:4   | Learned a level 5 spell: Iskenderun's Battlesphere
 33216 | Lair:4   | Noticed a fire dragon
 33841 | Lair:4   | Killed a fire dragon
 34302 | Lair:5   | Found a staircase to the Slime Pits.
 34302 | Lair:5   | Found a viscous altar of Jiyva.
 34620 | Lair:5   | Reached ****** piety under Hepliaklqana
 35543 | Lair:6   | Entered Level 6 of the Lair of Beasts
 35748 | Lair:6   | HP: 1/77 [komodo dragon (16)]
 36513 | Lair:2   | Reached XP level 14. HP: 83/83 MP: 26/30
 37017 | Lair:6   | Reached skill level 10 in Conjurations
 37197 | Lair:5   | HP: 1/83 [spore (24)]
 37198 | Lair:5   | Killed by an exploding ball lightning

Illustrated notes

Levels and vault maps discovered:
D:1:      lemuel_arrival_tunnels, layout_basic, serial_rivers,
          chequers_serial_rivers_micro_d, chequers_serial_rivers_micro_b,
          chequers_serial_rivers_small_b, chequers_serial_rivers_micro_c,
          chequers_serial_rivers_small_a, dilly_ecumenical_altar_fadedgnrine
D:2:      layout_rooms, basic_altar
D:3:      layout_loops_ring, nicolae_overflow_hidden_temple,
          general_overflow_altar, uniq_grinder
D:4:      layout_basic, mainiacjoe_overflow_catwalk
D:5:      layout_basic, minmay_temple_entry_offerings, portal_sewer_entry_f
D:6:      layout_layer_cave, uniq_menkaure
D:7:      cheibrodos_iron_armory, layout_gridville,
          mainiacjoe_overflow_chevrons, nemelex_xobeh_ov_fountains_minmay,
          ebering_ghost_reflecting_pool, serial_shops, shop, uniq_prince_ribbit1
D:8:      layout_cave_pools, hangedman_ranch
D:9:      layout_small_grid, erik_lair_island, serial_shops, kennysheep_mini,
          serial_rivers, chequers_serial_rivers_micro_a,
          chequers_serial_rivers_micro_b, chequers_serial_rivers_small_3,
          chequers_serial_rivers_micro_d, grunt_ministairs_10,
          hangedman_abyss_or_decor_passed, serial_bayou_pond_e,
          minmay_microvault, uniq_gastronok, uniq_erica
D:10:     layout_rooms, kennysheep_generic_room_5
D:11:     minmay_the_grid_square_5x5_4x4_mashed
          [minmay_the_grid_square_5x5_inner_z, minmay_the_grid_square_5x5_plus,
          minmay_the_grid_square_5x5_inset,
          minmay_the_grid_square_5x5_checkered_statues,
          minmay_the_grid_square_5x5_meh,
          minmay_the_grid_square_5x5_prize_pseudospiral,
          minmay_the_grid_square_5x5_prize_deathbox,
          minmay_the_grid_square_5x5_spiral,
          minmay_the_grid_square_5x5_tri_point,
          minmay_the_grid_square_5x5_prize_monsterx,
          minmay_the_grid_square_5x5_prize_itemx,
          minmay_the_grid_square_5x5_forky, minmay_the_grid_square_5x5_mess,
          minmay_the_grid_square_5x5_bite,
          minmay_the_grid_square_5x5_half_checkered,
          minmay_the_grid_square_5x5_two], layout_rooms, the_hattery
Temple:   nicolae_temple_figure_eight
Lair:1:   layout_cave_pods
Lair:2:   layout_layer_cave, skrybe_swamp_entry_bodies, dummy_snake_entry,
          st_stairs_4
Lair:3:   layout_roguey, minmay_lair_oklob_bushes, serial_bayou_pond_e,
          grunt_megastairs_4, uniq_urug
Lair:4:   nzn_winding_woodlands_small [nzn_winding_woodlands_5x15_concentric,
          nzn_winding_woodlands_center_diamonds,
          nzn_winding_woodlands_5x15_sawtooth], layout_cave_pods,
          serial_bayou_lagoon_a, bobbens_dragon_lair_wall, serial_bayou_shore_a
Lair:5:   layout_roguey, slime_altar_1, chequers_serial_rivers_large_a,
          st_stairs_6
Lair:6:   minmay_lair_end_enchanted_forest, layout_regular_city,
          minmay_lair_oklob_chamber

Skill      XL: |  1  2  3  4  5  6  7  8  9 10 11 12 13 14 |
---------------+-------------------------------------------+-----
Conjurations   | 2 4 5 6 9 10 | 10.1
Air Magic      | 5 6 7 9 14 16 17 | 17.0
Spellcasting   | 4 6 7 9 11 12 | 12.0
Unarmed Combat | 4 5 |  5.0
Translocations | 5 6 |  6.5
Invocations    | 2 4 |  4.9
Dodging        | |  1.7
Stealth        | |  1.7

Action                   |  1- 3 |  4- 6 |  7- 9 | 10-12 | 13-15 || total
-------------------------+-------+-------+-------+-------+-------++-------
Melee: Unarmed           |     6 |       |       |       |       ||     6
       Tailslap          |     4 |     1 |     8 |     9 |     6 ||    28
       Short sword       |    22 |    20 |    42 |       |       ||    84
       Dagger            |       |       |    67 |       |       ||    67
       Whip              |       |       |     2 |    97 |    18 ||   117
       Punch             |       |       |       |     1 |     1 ||     2
 Cast: Shock             |    81 |    58 |   176 |       |    22 ||   337
       Airstrike         |       |       |    14 |   306 |   181 ||   501
       Iskenderun's Batt |       |       |       |       |     8 ||     8
       Conjure Ball Ligh |       |       |       |       |    10 ||    10
Invok: Ancestor Life: Kn |       |       |     1 |       |       ||     1
       Recall Ancestor   |       |       |       |    12 |    11 ||    23
       Ancestor Identity |       |       |       |     1 |       ||     1
       Transference      |       |       |       |       |     1 ||     1
 Abil: Breathe Dispellin |       |       |     5 |     1 |       ||     6
  Use: Potion            |     2 |     2 |     1 |       |     2 ||     7
       Scroll            |       |     4 |     9 |     8 |     5 ||    26
 Stab: Distracted        |       |       |       |     3 |       ||     3
Armor: Skin              |    16 |    12 |    62 |    69 |    46 ||   205
Dodge: Dodged            |    31 |    13 |    72 |   102 |    67 ||   285
